 Dungeon Crawl Stone Soup version 0.21-a0-104-g7b58145 (console) character file.

73 removed the Ducker (level 3, 31/31 HPs)
             Began as a Demigod Wanderer on July 6, 2017.
             Quit the game on level 2 of the Dungeon.
             The game lasted 00:03:47 (2103 turns).

removed the Ducker (Demigod Wanderer)               Turns: 2103, Time: 00:03:48

Health: 31/31      AC:  2    Str: 16    XL:     3   Next: 83%
Magic:  5/5        EV: 14    Int: 21    God:
Gold:   107        SH:  0    Dex: 17    Spells: 2/2 levels left

rFire    . . .     SeeInvis .   a - +0 spear
rCold    . . .     Gourm    .   (no shield)
rNeg     . . .     Faith    .   e - +0 robe
rPois    .         Spirit   .   (no helmet)
rElec    .         Reflect  .   (no cloak)
rCorr    .         Harm     .   (no gloves)
MR       .....                  (no boots)
Stlth    ++........             (no amulet)
HPRegen  0.10/turn              y - +6 ring of intelligence
MPRegen  0.09/turn              (no ring)

@: no status effects
A: high mp 1
a: no special abilities


You were on level 2 of the Dungeon.
You were not hungry.

You visited 1 branch of the dungeon, and saw 2 of its levels.

You collected 107 gold pieces.

Inventory:

Hand Weapons
 a - a +0 spear (weapon)
 b - a +2 blowgun
Missiles
 c - 3 curare-tipped needles
Armour
 e - a +0 robe (worn)
Jewellery
 y - a +6 ring of intelligence (left hand)
Scrolls
 g - 3 scrolls of magic mapping {unknown}
 j - a scroll of enchant weapon {unknown}
 l - a scroll of random uselessness {unknown}
 m - 2 scrolls of teleportation {unknown}
 u - a scroll of enchant armour {unknown}
 v - a scroll of fog {unknown}
 w - a scroll of identify {unknown}
 z - a scroll of blinking {unknown}
Potions
 h - a potion of degeneration {unknown}
 n - 4 potions of heal wounds {unknown}
 o - a potion of agility {unknown}
 q - 2 potions of mutation {unknown}
 t - 2 potions of curing {unknown}
Comestibles
 f - 2 bread rations
 k - a royal jelly
 r - 4 fruits
 A - a chunk of flesh


   Skills:
 - Level 3.6 Fighting
 + Level 3.3 Polearms
 - Level 1.0 Throwing
 - Level 3.6 Dodging
 - Level 1.0 Stealth


You had 2 spell levels left.
You didn't know any spells.

Dungeon Overview and Level Annotations

Branches:
Dungeon (2/15)


Innate Abilities, Weirdness & Mutations

You have an increased reservoir of magic. (+10% MP)


Message History

Press: ? - help, Dir - move target cursor, f - leopard gecko
Aim: a leopard gecko (clinging, resting)
You reach to attack!
The helpless leopard gecko fails to defend itself.
You hit the leopard gecko.
The leopard gecko is moderately wounded.
You hit the leopard gecko.
You kill the leopard gecko!
You see here a leopard gecko corpse.
No target in view!
You butcher the leopard gecko corpse.
A - a chunk of flesh
Found 30 stones.
You see here a leather armour.
You see here a leather armour.
You see here a plate armour.
Done exploring.
Done exploring.
Done exploring.
Are you sure you want to abandon this character and quit the game? (Confirm with "yes".)

####.###...#####...#.......).#
# #......##.##
##.###.....##<#### #.##.#.##.#
#.###.....#...... #.#.#..##.#
#.#.............. #..###.##.#
#.####..#.#...... #.#.#..##.##
##.## #.......####
#.##.#.#...#####...######.####
# #....(...#...[...#..#####(#
# ####.###...#####@..##.....#
# #.# ##.#######.###.##### #
#.# ### #.......#.# # #.#####
#.#####.#.# #
#.....####.#####.#(#
#####..............###########
######.#####.####.........
#.......# #.####.... #.......#
#.# #####


There were no monsters in sight!

Vanquished Creatures
  4 adders (D:2)
  A worm (D:2)
  2 dart slugs (D:1)
  2 leopard geckos
  A ball python (D:2)
  2 giant cockroaches
  A goblin (D:1)
  4 hobgoblins (D:1)
  A quokka (D:2)
  3 bats (D:1)
  A frilled lizard (D:1)
  3 kobolds
  6 rats
31 creatures vanquished.

Notes
Turn   | Place    | Note
-------+----------+-------------------------------------------
     0 | D:1      | removed the Demigod Wanderer began the quest for the Orb.
     0 | D:1      | removed set off with: 3 curare-tipped needles, a +2 blowgun, a +0 spear, a potion of lignification, a +0 robe, a bread ration
     0 | D:1      | Reached XP level 1. HP: 19/19 MP: 3/3
   182 | D:1      | Reached skill level 1 in Polearms
   246 | D:1      | Reached XP level 2. HP: 9/26 MP: 4/4
  1010 | D:2      | Found an opulent altar of Gozag.
  1026 | D:2      | Reached XP level 3. HP: 29/31 MP: 5/5
  1954 | D:2      | Found a faded altar of an unknown god.
  1954 | D:2      | Found an iron altar of Okawaru.
  1963 | D:2      | Found a shattered altar of Ashenzari.
  1966 | D:2      | Found an opulent altar of Gozag.
  1968 | D:2      | Found a faded altar of an unknown god.
  2103 | D:2      | Quit the game

Vault maps used:
D:1:      scummos_arrival_simple_crosswalls, minivault_4, hex_intersection
D:2:      chequers_temple_overflow_minitemple, minmay_misc_feat_tower,
          nicolae_gozag_seed_capital

Skill      XL: |  1  2  3 |
---------------+----------+-----
Polearms       | 1 2 3 |  3.3
Fighting       | |  3.6
Throwing       | |  1.0
Dodging        | |  3.6
Stealth        | |  1.0

Action                   || total
-------------------------++-------
Melee: Spear             ||   152
 Fire: Blowgun           ||     1
  Use: Potion            ||     1
 Stab: Distracted        ||     1
       Sleeping          ||     2
  Eat: Chunk             ||     4
Armor: Robe              ||    15
       Skin              ||     7
Dodge: Dodged            ||    84
